 Dungeon Crawl Stone Soup version 0.28-a0-845-gfc338a8e3c (webtiles) character file.

Game seed: 18328429177737298514

44 vurker the Gusty (level 3, -3/20 HPs)
             Began as a Tengu Air Elementalist on Nov 12, 2021.
             Slain by an ogre (23 damage)
             ... on level 2 of the Dungeon.
             The game lasted 00:02:11 (1654 turns).

vurker the Gusty (Tengu Air Elementalist)           Turns: 1654, Time: 00:02:11

Health: -3/20      AC:  2    Str:  8    XL:     3   Next: 62%
Magic:  4/7        EV: 12    Int: 16    God:
Gold:   44         SH:  0    Dex: 14    Spells: 6/7 levels left

rFire   . . .      SeeInvis .   (no weapon)
rCold   . . .      Faith    .   (no shield)
rNeg    . . .      Spirit   .   a - +0 robe
rPois   .          Reflect  .   (helmet restricted)
rElec   .          Harm     .   (no cloak)
rCorr   .          Rampage  .   (no gloves)
Will    .....                   (boots unavailable)
Stlth   ++........              (no amulet)
HPRegen 0.06/turn               (no ring)
MPRegen 0.10/turn               (no ring)

@: very slightly contaminated
A: beak, talons 3
a: no special abilities


You were on level 2 of the Dungeon.
You visited 1 branch of the dungeon, and saw 2 of its levels.

You collected 44 gold pieces.

Inventory:

Armour
 a - a +0 robe (worn)
Scrolls
 b - a scroll of identify {unknown}
Potions
 c - a potion of attraction {unknown}
 d - a potion of brilliance {unknown}


   Skills:
 + Level 1.0 Fighting
 - Level 2.1 Dodging
 - Level 2.0 Stealth
 * Level 2.6 Spellcasting
 + Level 2.3 Conjurations
 * Level 4.7 Air Magic


You had 6 spell levels left.
You knew the following spells:

 Your Spells              Type           Power      Damage    Failure   Level
a - Shock                 Conj/Air       52%        1d6       4%          1

Your spell library contained the following spells:

 Spells                   Type           Power      Damage    Failure   Level
 Static Discharge         Conj/Air       13%        N/A       7%          2
 Swiftness                Air            17%        N/A       9%          3
 Airstrike                Air            8%         N/A       28%         4


Dungeon Overview and Level Annotations

Branches:
Dungeon (2/15)

Altars:

Shops:
D:1 =


Innate Abilities, Weirdness & Mutations

You have a beak for a mouth.
You have claws for feet.


Message History

The adder completely misses you.
The zap misses the adder.
The zap hits the adder.
You kill the adder!
You can't see any susceptible monsters within range! (Use Z to cast anyway.)
You can't see any susceptible monsters within range! (Use Z to cast anyway.) Unknown command.
Your magical contamination has completely faded away.
You see here an adder corpse.
A bat comes into view.
A bat is nearby!
Aim: a bat (asleep, 100% to hit)
The zap hits the bat.
You kill the bat!
You can't see any susceptible monsters within range! (Use Z to cast anyway.)
You can't see any susceptible monsters within range! (Use Z to cast anyway.)
A quokka comes into view.
A quokka is nearby!
A quokka is nearby!
The zap hits the quokka. x2
You kill the quokka!
Your Fighting skill increases to level 1!
A hobgoblin is nearby!
A hobgoblin is nearby!
A hobgoblin is nearby!
Aim: a hobgoblin (wandering, hasn't noticed you, 68% to hit)
The zap hits the hobgoblin.
The hobgoblin shouts!
Aim: a hobgoblin (moderately wounded, 68% to hit)
The zap hits the hobgoblin.
Aim: a hobgoblin (severely wounded, 68% to hit)
The zap hits the hobgoblin.
You kill the hobgoblin!
You can't see any susceptible monsters within range! (Use Z to cast anyway.)
You can't see any susceptible monsters within range! (Use Z to cast anyway.)
Found 3 scrolls labelled HOTOIQ LEMPOZI and a bubbling black potion.
An ogre comes into view. It is wielding a +0 giant club.
The ogre shouts!
An ogre is nearby!
An ogre is nearby!
Aim: an ogre, wielding a +0 giant club (85% to hit)
The zap hits the ogre.
You see here an adder corpse.
The zap hits the ogre. x2
The zap hits the ogre. x2
You miscast Shock.
You are very lightly contaminated with residual magic.
Nothing appears to happen.
The ogre hits you with a +0 giant club!!
Ouch! That really hurt!
You die...

# # ....... #### # .......
#..### # .......######....##
##### .......#..O@..##..#
#...#
.......#.########.######...#
.......#.# #.....##...#
.......#.# #####.......
#.......O# ####### ####....
..#.####.## ....... #...#
#........####....... #...#
.##†###.....O....... .....#
#.....##....... ###...#


You could see an ogre.

Vanquished Creatures
  2 adders
  5 bats
  2 giant cockroaches
  5 goblins
  4 hobgoblins
  2 quokkas
  A ball python (D:1)
  A frilled lizard (D:1)
22 creatures vanquished.

Notes
Turn   | Place    | Note
-------+----------+-------------------------------------------
     0 | D:1      | vurker the Tengu Air Elementalist began the quest for the
                  | Orb.
     0 | D:1      | Reached XP level 1. HP: 10/10 MP: 4/4
   263 | D:1      | Found Bapsats's Jewellery Shop.
   350 | D:1      | Reached XP level 2. HP: 16/16 MP: 3/6
  1117 | D:2      | Found a faded altar of an unknown god.
  1132 | D:1      | Reached XP level 3. HP: 3/20 MP: 0/7
  1592 | D:2      | Reached skill level 1 in Fighting
  1636 | D:2      | Noticed an ogre
  1654 | D:2      | Slain by an ogre

Illustrated notes

Levels and vault maps discovered:
D:1:      dpeg_chamrin_arrival_tetris, layout_loops_cross, serial_aquarium,
          aquarium_bridge_long_joined [aquarium_subvault_bridge,
          aquarium_subvault_window, aquarium_subvault_bridge,
          aquarium_subvault_bridge, aquarium_subvault_window,
          aquarium_subvault_wall], aquarium_bridge_square
          [aquarium_subvault_bridge, aquarium_subvault_window,
          aquarium_subvault_wall, aquarium_subvault_bridge], aquarium_window_3,
          aquarium_window_1, aquarium_window_double, aquarium_window_corner,
          aquarium_view_2e, aquarium_view_2f, serial_shops,
          nicolae_shop_statue_plus
D:2:      cheibrodos_helix_gallery, layout_rooms,
          hellmonk_ecumenical_altar_pennies_from_heaven

Skill      XL: |  1  2  3 |
---------------+----------+-----
Conjurations   | 2 |  2.3
Fighting       | 1 |  1.0
Dodging        | |  2.1
Stealth        | |  2.0
Spellcasting   | |  2.6
Air Magic      | |  4.7

Action                   || total
-------------------------++-------
 Cast: Shock             ||    58
Armor: Robe              ||     5
Dodge: Dodged            ||    17

Table legend: (Time is in decaauts)
 A = Elapsed time spent in this place.
 B = Non-inter-level travel time spent in this place.
 C = Inter-level travel time spent in this place.
 D = Time resting spent in this place.
 E = Time spent auto-exploring this place.
 F = Levels seen in this place.
 G = Mean time per level.
                   A        B        C        D        E       F      G
               +--------+--------+--------+--------+--------+-----+--------+
         Total |   1657 |   1595 |     62 |      0 |   1438 |   2 |  828.5 |
       Dungeon |   1657 |   1595 |     62 |      0 |   1438 |   2 |  828.5 |
               +--------+--------+--------+--------+--------+-----+--------+

Top non-repeatable levels by time:
     D:1: 1393 daAuts
     D:2: 264 daAuts
